 Dungeon Crawl Stone Soup version 0.29-a0-925-g0a7a3d12f8 (webtiles) character file.

Game seed: 7451715294868242037

20 HeadfulHorsecorpse the Sneak (level 3, 19/19 HPs)
             Began as a Kobold Enchanter on July 29, 2022.
             Quit the game on level 2 of the Dungeon on Sept 24, 2022.
             The game lasted 00:08:28 (1452 turns).

HeadfulHorsecorpse the Sneak (Kobold Enchanter)     Turns: 1452, Time: 00:08:29

Health: 19/19      AC:  2    Str:  7    XL:     3   Next: 0%
Magic:  6/6        EV: 15    Int: 16    God:
Gold:   83         SH:  0    Dex: 15    Spells: 4/6 levels left

rFire   . . .      SeeInvis .   a - +1 dagger
rCold   . . .      Faith    .   (no shield)
rNeg    . . .      Spirit   .   b - +0 robe
rPois   .          Reflect  .   (no helmet)
rElec   .          Harm     .   (no cloak)
rCorr   .          Rampage  .   (no gloves)
Will    .....                   (no boots)
Stlth   ++++......              (no amulet)
HPRegen 0.06/turn               (no ring)
MPRegen 0.10/turn               (no ring)

@: no status effects
A: small, no large weapons, nightstalker 3
a: no special abilities


You were on level 2 of the Dungeon.
You visited 1 branch of the dungeon, and saw 2 of its levels.

You collected 83 gold pieces.

Inventory:

Hand Weapons
 a - a +1 dagger (weapon)
Missiles
 j - 6 boomerangs (quivered)
Armour
 b - a +0 robe (worn)
Scrolls
 f - a scroll of enchant weapon {unknown}
 g - a scroll of fear {unknown}
 h - a scroll of silence {unknown}
 k - a scroll of amnesia {unknown}
Potions
 c - 2 potions of invisibility
 d - 2 potions of curing {unknown}
 e - 2 potions of heal wounds {unknown}
 i - a potion of haste {unknown}


   Skills:
 + Level 2.1 Short Blades
 + Level 2.9 Dodging
 + Level 4.3 Stealth
 - Level 2.1 Spellcasting
 + Level 3.2 Hexes


You had 4 spell levels left.
You knew the following spells:

 Your Spells              Type           Power      Damage    Failure   Level
a - Ensorcelled Hibernat  Hex/Ice        12%        N/A       16%         2

Your spell library contained the following spells:

 Spells                   Type           Power      Damage    Failure   Level
 Confusing Touch          Hex            12%        N/A       16%         3
 Tukima's Dance           Hex            12%        N/A       16%         3
 Apportation              Tloc           2%         N/A       21%         1
 Dazzling Flash           Conj/Hex       12%        N/A       30%         3
 Silence                  Hex/Air        3%         N/A       96%         5
 Agony                    Necr           1%         N/A       99%         5
 Alistair's Intoxication  Tmut/Pois      0%         N/A       99%         5


Dungeon Overview and Level Annotations

Branches:
Dungeon (2/15)

Altars:


Innate Abilities, Weirdness & Mutations

You are small and have problems with some larger weapons.
You are completely attuned to the shadows.


Message History

A goblin comes into view. It is wielding a +0 club.
The goblin shouts!
You hit the goblin.
The goblin is moderately wounded.
The goblin hits you with a +0 club.
You hit the goblin.
You kill the goblin!
You have reached level 3!
Your experience leads to an increase in your attributes!
Increase (S)trength, (I)ntelligence, or (D)exterity?
You feel stronger. x2
You start resting.
HP restored.
You now have 83 gold pieces (gained 10).
Things that are here:
a +0 club; a goblin corpse
Found a stone staircase leading down.
There is an open door here.
There is an open door here.
You see here a +0 club.
There is an open door here.
Done exploring.
Done exploring.
(D) Dungeon
Where to? (Enter - D:1 @ (x,y), ? - help)
There is an open door here.
You see here a +0 club.
There is a stone staircase leading down here.
You climb downwards.
Found a book of the Senses, a scroll labelled BUTASU KEPHOFE and a robe.
There is a stone staircase leading up here.
You pick up a book of the Senses and begin reading...
You add the spells Agony and Silence to your library.
Okay, then.
Unknown command.
Okay, then.
Saving game... please wait.
Welcome back, HeadfulHorsecorpse the Kobold Enchanter.
Press ? for a list of commands and other information.
Are you sure you want to abandon this character and quit the game? (Confirm with "yes".)

.....#
[....###.
#....#...
#......#
#...<..+
#.?@...#
+........
#........
#........
####....


There were no monsters in sight!

Vanquished Creatures
  2 endoplasms (D:1)
  2 giant cockroaches (D:1)
  2 goblins (D:1)
  4 jackals (D:1)
  3 ball pythons (D:1)
  A bat (D:1)
  2 frilled lizards (D:1)
  A kobold (D:1)
  A rat (D:1)
18 creatures vanquished.

Notes
Turn   | Place    | Note
-------+----------+-------------------------------------------
     0 | D:1      | HeadfulHorsecorpse the Kobold Enchanter began the quest for
                  | the Orb.
     0 | D:1      | Reached XP level 1. HP: 10/10 MP: 3/3
   561 | D:1      | Reached XP level 2. HP: 15/15 MP: 5/5
   564 | D:1      | Learned a level 2 spell: Ensorcelled Hibernation
   714 | D:1      | Found a faded altar of an unknown god.
  1280 | D:1      | Reached XP level 3. HP: 17/19 MP: 6/6
  1452 | D:2      | Quit the game

Illustrated notes

Levels and vault maps discovered:
D:1:      mainiacjoe_arrival_reflecting_pool, layout_loops_corners,
          hellmonk_ecumenical_altar_leap_of_faith, chequers_arboretum
D:2:      wad_lake_hut, layout_basic, grunt_ministairs_9,
          amcnicky_mini_pool_small, wad_floor_pattern_2,
          minmay_fractal_squares_gapless_5

Skill      XL: |  1  2 |
---------------+-------+-----
Short Blades   | 2 |  2.1
Dodging        | |  2.9
Stealth        | |  4.3
Spellcasting   | |  2.1
Hexes          | |  3.2

Action                   || total
-------------------------++-------
Melee: Dagger            ||    33
 Cast: Ensorcelled Hiber ||     3
 Stab: Sleeping          ||    14
Armor: Robe              ||     3
Dodge: Dodged            ||    15

Table legend: (Time is in decaauts)
 A = Elapsed time spent in this place.
 B = Non-inter-level travel time spent in this place.
 C = Inter-level travel time spent in this place.
 D = Time resting spent in this place.
 E = Time spent auto-exploring this place.
 F = Levels seen in this place.
 G = Mean time per level.
                   A        B        C        D        E       F      G
               +--------+--------+--------+--------+--------+-----+--------+
         Total |   1448 |   1394 |     54 |    253 |    908 |   2 |  724.0 |
       Dungeon |   1448 |   1394 |     54 |    253 |    908 |   2 |  724.0 |
               +--------+--------+--------+--------+--------+-----+--------+

Top non-repeatable levels by time:
     D:1: 1446 daAuts
     D:2: 2 daAuts
